 Dungeon Crawl Stone Soup version 0.22-a0-848-ge9e22a0 (webtiles) character file.

18 BigBoy the Skirmisher (level 2, -5/32 HPs)
             Began as an Ogre Fighter on July 26, 2018.
             Slain by a kobold
             ... wielding a +0 short sword
              (7 damage)
             ... on level 2 of the Dungeon.
             The game lasted 00:02:19 (312 turns).

BigBoy the Skirmisher (Ogre Fighter)                 Turns: 312, Time: 00:02:20

Health: -5/32      AC:  3    Str: 19    XL:     2   Next: 66%
Magic:  2/2        EV:  8    Int:  9    God:
Gold:   21         SH:  8    Dex:  8    Spells: 1/1 levels left

rFire    . . .     SeeInvis .   a - +0 flail
rCold    . . .     Gourm    .   c - +0 shield
rNeg     . . .     Faith    .   b - +0 robe
rPois    .         Spirit   .   (helmet restricted)
rElec    .         Reflect  .   (no cloak)
rCorr    .         Harm     .   (gloves unavailable)
MR       .....                  (boots unavailable)
Stlth    +.........             (no amulet)
HPRegen  0.10/turn              (no ring)
MPRegen  0.08/turn              (no ring)

@: no status effects
A: large, unfitting armour, tough skin 1
a: no special abilities


You were on level 2 of the Dungeon.
You were not hungry.

You visited 1 branch of the dungeon, and saw 2 of its levels.

You collected 21 gold pieces.

Inventory:

Hand Weapons
 a - a +0 flail (weapon)
Armour
 b - a +0 robe (worn)
 c - a +0 shield (worn)
Scrolls
 h - a scroll of teleportation {unknown}
 i - a scroll of identify {unknown}
Potions
 d - a potion of might
 e - 2 potions of brilliance {unknown}
Comestibles
 f - a ration
 g - 3 chunks of flesh


   Skills:
 - Level 4.0 Fighting
 * Level 2.5 Maces & Flails
 - Level 2.6 Dodging
 + Level 3.0 Shields


You had one spell level left.
You didn't know any spells.
Your spell library was empty.

Dungeon Overview and Level Annotations

Branches:
Dungeon (1/15)

Altars:


Innate Abilities, Weirdness & Mutations

You are too large for most types of armour.
You have tough skin. (AC +1)


Message History

The giant cockroach barely misses you.
There is a stone staircase leading down here.
You hit the giant cockroach.
You kill the giant cockroach!
You feel sick.
You closely miss the rat. You block the rat's attack.
You barely miss the rat. The rat barely misses you.
You barely miss the rat.
You feel sick. The rat barely misses you. The rat bites you.
* * * LOW HITPOINT WARNING * * *
You sock the rat!
You kill the rat!
You block the kobold's attack.
You closely miss the kobold.
A bat comes into view.
You block the kobold's attack.
The bat moves out of view.
You closely miss the kobold.
You feel sick.
You are no longer poisoned.
You block the kobold's attack. The kobold hits you with a short sword!
You die...

.## #### ..## #...
...# #..† ####..
##... #.?...####..##
#### #...%......##
.....####
#.......####
........# #....#..#
#@###!.=.#..##
#.Kg#....#...#
#######w#......#.###
.......>...w.........
########..##.########
#.....##..#....
#.#............. #
#.#####.)..... ...
##.....


You could see a worm, a hobgoblin and a kobold.

Vanquished Creatures
  An adder (D:2)
  A leopard gecko (D:1)
  2 giant cockroaches
  A goblin (D:1)
  A hobgoblin (D:1)
  2 rats
8 creatures vanquished.

Notes
Turn   | Place    | Note
-------+----------+-------------------------------------------
     0 | D:1      | BigBoy the Ogre Fighter began the quest for the Orb.
     0 | D:1      | Reached XP level 1. HP: 24/24 MP: 1/1
   185 | D:1      | Reached XP level 2. HP: 25/32 MP: 2/2
   272 | D:1      | You fall through a shaft!
   312 | D:2      | Slain by a kobold

Vault maps used:
D:1:      co_arrival_random_square_maze
D:2:      cheibrodos_greedy_goblins, lemuel_round_altar

Skill      XL: |  1  2 |
---------------+-------+-----
Maces & Flails | 2 |  2.5
Shields        | 3 |  3.0
Fighting       | |  4.0
Dodging        | |  2.6

Action                   || total
-------------------------++-------
Melee: Flail             ||    30
Armor: Robe              ||     4
Dodge: Dodged            ||    13
Block: Shield            ||    12

Table legend:
 A = Spawn XP
 B = Non-spawn XP
 C = Spawn XP percentage of total XP
 D = Spawn monster count
 E = Non-spawn monster count
 F = Spawn count percentage of total count
 G = Total turns spent on level
                    A         B        C        D         E        F      G
               +---------+---------+-------+---------+---------+-------+---------
         Total |       0 |      26 |   0.0 |       0 |       8 |   0.0 |   312
               +---------+---------+-------+---------+---------+-------+---------
           D:1 |       0 |      10 |   0.0 |       0 |       5 |   0.0 |   272
           D:2 |       0 |      16 |   0.0 |       0 |       3 |   0.0 |    40
               +---------+---------+-------+---------+---------+-------+---------
